 Dungeon Crawl Stone Soup version 0.19.1-1-g22dce08 (webtiles) character file.

333 Alarkh the Purveyor of Pain (level 6, -3/41 HPs)
             Began as a Mummy Necromancer on Jan 11, 2017.
             Was an Initiate of Kikubaaqudgha.
             Incinerated by Thrillho's ghost (9 damage)
             ... with a sticky flame
             ... on level 3 of the Dungeon.
             The game lasted 00:05:22 (3733 turns).

Alarkh the Purveyor of Pain (Mummy Necromancer)     Turns: 3733, Time: 00:05:23

Health: -3/41      AC:  3    Str: 11    XL:     6   Next: 27%
Magic:  12/12      EV: 12    Int: 17    God:    Kikubaaqudgha [......]
Gold:   164        SH:  0    Dex: 12    Spells: 3 memorised, 6 levels left

rFire  x . .     SeeInvis .     m - +4 hand axe
rCold  + . .     Gourm    .     a - +0 robe
rNeg   + + +     Faith    .     (no shield)
rPois  ∞         Spirit   .     n - +0 helmet
rElec  .         Reflect  .     (no cloak)
rCorr  +         Harm     .     (no gloves)
MR     .....                    (no boots)
Stlth  +.........               (no amulet)
                                l - ring of resist corrosion
                                c - -2 ring of slaying (curse)

@: liquid flames, glowing
A: no food or potions, fire vulnerability, cold resistance 1, negative energy
resistance 3, torment resistance, unbreathing
a: Renounce Religion


You were on level 3 of the Dungeon.
You worshipped Kikubaaqudgha.
Kikubaaqudgha was noncommittal.
You were not hungry.

You visited 1 branch of the dungeon, and saw 4 of its levels.

You collected 164 gold pieces.

Inventory:

Hand Weapons
 g - a +0 war axe
 m - a +4 hand axe (weapon)
Armour
 a - a +0 robe (worn)
 n - a +0 helmet (worn)
Jewellery
 c - a cursed -2 ring of slaying (left hand)
 l - a ring of resist corrosion (right hand)
Wands
 j - a wand of acid (7/15)
Scrolls
 d - 2 scrolls of noise
 e - a scroll of identify
 f - a scroll of teleportation
 h - a scroll of amnesia {unknown}
 i - a scroll of remove curse {unknown}
 k - a scroll of random uselessness {unknown}
Books
 b - a book of Necromancy

   Spells                             Type                      Level
   a - Pain                           Necromancy                   1
   b - Animate Skeleton               Necromancy                   1
   c - Vampiric Draining              Necromancy                   3
   d - Regeneration                   Charms/Necromancy            3
   e - Animate Dead                   Necromancy                   4
   f - Control Undead                 Necromancy                   4


   Skills:
 - Level 1.5 Dodging
 - Level 1.5 Stealth
 + Level 4.6 Spellcasting
 + Level 6.0 Necromancy


You had 6 spell levels left.
You knew the following spells:

 Your Spells              Type           Power        Failure   Level  Hunger
a - Pain                  Necr           ###.         1%          1    N/A
c - Control Undead        Necr           ###.......   14%         4    N/A
e - Vampiric Draining     Necr           ###.......   4%          3    N/A

Dungeon Overview and Level Annotations

Branches:
Dungeon (4/15)
 Temple: D:4-7

Altars:
Ashenzari
Kikubaaqudgha
Vehumet
Yredelemnul

Annotations:
D:3 Grinder


Innate Abilities, Weirdness & Mutations

You do not eat or drink.
Your flesh is vulnerable to fire.
You are immune to poison.
Your flesh is cold resistant. (rC+)
You are immune to negative energy. (rN+++)
You are immune to unholy pain and torment.
You can survive without breathing.


Message History

You are covered in liquid flames!
Thrillho's ghost hits you.
You are too injured to fight recklessly!
Evoke which item? (* to show all) (? for menu, Esc to quit)
Zapping:
j - a wand of acid (8/15)
Press: ? - help, Shift-Dir - straight line, f - Thrillho's ghost
Aim: Thrillho's ghost (heavily damaged)
The bolt of acid hits Thrillho's ghost.
Thrillho's ghost is splashed with acid.
The acid corrodes Thrillho's ghost!
You destroy Thrillho's ghost!
Kikubaaqudgha accepts your kill.
Your Necromancy skill increases to level 6!
This wand has 7 charges left.
You are covered in liquid flames!
* * * LOW HITPOINT WARNING * * *
Okay, then.
You can't drink.
You are covered in liquid flames!
You die...
Kikubaaqudgha rasps: "You have failed me!
Welcome... oblivion!"

.................#..... .........
####.........#.#.....######......
#.......#.#.#.##.....###...... #
#.......#.#.#.. .........##.## #
#.......#...#.# ...P.P.. #.#. #
#.......#...#.# ...._..###.#. #
#.......#...#.###...P.P....... #
#.......#..................... #
#.###.......#@############.... #
#.# #.......#.# #...#
####.###.........# #....
#......#.........# #....
.......#.........# #....
#......#######.#># ####.
#......##### #.#.# ######.
...........# #.#.# #......
#..........###.#.# #......


There were no monsters in sight!

Vanquished Creatures
  A phantom (D:4)
  The ghost of Thrillho the Firebug, an amateur DEFE (D:3)
  An orc priest (D:3)
  An iguana (D:3)
  An orc wizard (D:3)
  A hound skeleton (D:4)
  An adder (D:3)
  An adder skeleton (D:4)
  A dart slug (D:2)
  3 leopard geckos
  7 orcs (D:3)
  4 giant cockroaches
  9 goblins
  6 hobgoblins
  7 jackals
  3 quokkas
  5 bats
  6 frilled lizards
  7 kobolds
  3 rats
69 creatures vanquished.

Notes
Turn   | Place    | Note
-------+----------+-------------------------------------------
     0 | D:1      | Alarkh the Mummy Necromancer began the quest for the Orb.
     0 | D:1      | Reached XP level 1. HP: 13/13 MP: 3/3
   341 | D:1      | Reached XP level 2. HP: 11/19 MP: 0/5
  1327 | D:2      | Reached XP level 3. HP: 21/24 MP: 4/7
  1332 | D:2      | Learned a level 3 spell: Vampiric Draining
  1841 | D:3      | Noticed Grinder
  1922 | D:3      | Found a radiant altar of Vehumet.
  1987 | D:3      | Reached XP level 4. HP: 30/30 MP: 3/9
  2060 | D:3      | Noticed Thrillho's ghost (amateur DEFE)
  2085 | D:3      | Learned a level 4 spell: Control Undead
  2461 | D:4      | Noticed a phantom
  2786 | D:4      | Killed a phantom
  2786 | D:4      | Reached skill level 5 in Necromancy
  2786 | D:4      | Reached XP level 5. HP: 14/35 MP: 9/11
  3310 | D:3      | Found an ancient bone altar of Kikubaaqudgha.
  3386 | D:3      | Became a worshipper of Kikubaaqudgha
  3451 | D:3      | Found a shattered altar of Ashenzari.
  3468 | D:3      | Found a basalt altar of Yredelemnul.
  3501 | D:3      | Reached XP level 6. HP: 32/41 MP: 0/12
  3732 | D:3      | Killed Thrillho's ghost
  3732 | D:3      | Reached skill level 6 in Necromancy
  3733 | D:3      | Incinerated by Thrillho's ghost

Skill      XL: |  1  2  3  4  5  6 |
---------------+-------------------+-----
Spellcasting   | 3 4 |  4.6
Necromancy     | 5 6 |  6.0
Dodging        | |  1.5
Stealth        | |  1.5

Action                   |  1- 3 |  4- 6 || total
-------------------------+-------+-------++-------
Melee: Unarmed           |    28 |    39 ||    67
       Hand axe          |       |     7 ||     7
 Cast: Pain              |    86 |    30 ||   116
       Control Undead    |       |     2 ||     2
       Vampiric Draining |       |     2 ||     2
Evoke: Wand              |       |     4 ||     4
  Use: Scroll            |       |     4 ||     4
 Stab: Sleeping          |     1 |       ||     1
Armor: Robe              |     6 |     8 ||    14
Dodge: Dodged            |    39 |    40 ||    79
